 Dungeon Crawl Stone Soup version 0.23-a0-550-g7de1f8e (webtiles) character file.

51 RoseArtemis the Poker (level 3, 0/28 HPs)
             Began as a Merfolk Gladiator on Dec 8, 2018.
             Succumbed to an adder's poison
             ... on level 2 of the Dungeon.
             The game lasted 00:01:37 (1091 turns).

RoseArtemis the Poker (Merfolk Gladiator)           Turns: 1091, Time: 00:01:37

Health: 0/28       AC:  5    Str: 15    XL:     3   Next: 81%
Magic:  3/3        EV: 14    Int:  7    God:
Gold:   81         SH:  0    Dex: 15    Spells: 2/2 levels left

rFire    . . .     SeeInvis .   a - +0 trident
rCold    . . .     Gourm    .   (no shield)
rNeg     . . .     Faith    .   b - +0 leather armour
rPois    .         Spirit   .   c - +0 helmet
rElec    .         Reflect  .   (no cloak)
rCorr    .         Harm     .   k - +0 pair of gloves
MR       .....                  (no boots)
Stlth    +.........             (no amulet)
HPRegen  0.09/turn              (no ring)
MPRegen  0.08/turn              (no ring)

@: lethally poisoned (0 -> -17)
A: change form in water, swift swim, stealthy swim
a: no special abilities


You were on level 2 of the Dungeon.
You were hungry.

You visited 1 branch of the dungeon, and saw 2 of its levels.

You collected 81 gold pieces.

Inventory:

Hand Weapons
 a - a +0 trident (weapon)
Missiles
 d - 2 throwing nets (quivered)
Armour
 b - a +0 leather armour (worn)
 c - a +0 helmet (worn)
 k - a +0 pair of gloves (worn)
Jewellery
 e - an uncursed ring of ice
Scrolls
 i - 2 scrolls of remove curse
Potions
 h - a potion of curing
 j - 2 potions of flight {unknown}
Comestibles
 f - 2 rations
 g - 8 chunks of flesh


   Skills:
 + Level 2.8 Fighting
 * Level 5.4 Polearms
 + Level 2.4 Throwing
 + Level 4.5 Dodging


You had 2 spell levels left.
You didn't know any spells.
Your spell library was empty.

Dungeon Overview and Level Annotations

Branches:
Dungeon (2/15)

Altars:


Message History

* * * LOW HITPOINT WARNING * * *
You feel sick. The adder closely misses you. The adder misses you.
You hit the adder.
* * * LOW HITPOINT WARNING * * *
You feel sick. The adder misses you.
You closely miss the adder.
* * * LOW HITPOINT WARNING * * *
You feel sick. The adder barely misses you.
You closely miss the adder.
* * * LOW HITPOINT WARNING * * *
You feel sick. The adder bites you.
* * * LOW HITPOINT WARNING * * *
You are more poisoned.
The adder poisons you! The adder misses you.
You closely miss the adder.
* * * LOW HITPOINT WARNING * * *
You feel sick. The adder closely misses you.
You hit the adder.
You kill the adder!
You die...

##...........#
...###.......# ..##
######### #=# #.# ########
#.# #......# ##### #.#
#......# #...#
#.#######......###...###..
........'.÷....'@'r...!...
#.#######.÷....###........
#.# #......# #........ #.#
#......# #.......[ #.#
######## #........ #.#####
######### #.....#
......#### .........#


You could see a rat.

Vanquished Creatures
  2 adders (D:2)
  An ooze (D:2)
  A worm (D:2)
  A dart slug (D:1)
  2 leopard geckos (D:1)
  3 goblins
  3 hobgoblins
  3 jackals (D:2)
  3 kobolds
  A ball python (D:1)
  A bat (D:1)
  A frilled lizard (D:1)
22 creatures vanquished.

Notes
Turn   | Place    | Note
-------+----------+-------------------------------------------
     0 | D:1      | RoseArtemis the Merfolk Gladiator began the quest for the
                  | Orb.
     0 | D:1      | Reached XP level 1. HP: 16/16 MP: 1/1
   483 | D:1      | Reached XP level 2. HP: 23/23 MP: 2/2
   766 | D:2      | Reached skill level 5 in Polearms
   889 | D:2      | Reached XP level 3. HP: 28/28 MP: 3/3
  1090 | D:2      | HP: 1/28 [poisoned by an adder]
  1091 | D:2      | Succumbed to an adder's poison

Vault maps used:
D:1:      sevenhm_arrival_forest_fort_small_4, dk_noncrumbling_4,
          grunt_decor_cap
D:2:      uniq_sigmund

Skill      XL: |  1  2 |
---------------+-------+-----
Polearms       | 5 |  5.4
Fighting       | |  2.8
Throwing       | |  2.4
Dodging        | |  4.5

Action                   || total
-------------------------++-------
Melee: Trident           ||    88
Throw: Throwing net      ||     1
  Use: Scroll            ||     3
Armor: Leather armour    ||    23
Dodge: Dodged            ||    60

Table legend:
 A = Non-vault XP
 B = Vault XP
 C = Vault XP percentage of total XP
 D = Non-vault monster count
 E = Vault monster count
 F = Vault count percentage of total count
                 A         B        C        D         E       F
            +---------+---------+-------+---------+---------+-------
      Total |      73 |       0 |   0.0 |      22 |       0 |   0.0
            +---------+---------+-------+---------+---------+-------
        D:1 |      24 |       0 |   0.0 |      12 |       0 |   0.0
        D:2 |      49 |       0 |   0.0 |      10 |       0 |   0.0
            +---------+---------+-------+---------+---------+-------
